 Dungeon Crawl Stone Soup version 0.28.0-53-g5a82cb258f (webtiles) character file.

Game seed: 5329073925742430153

20 theswoord the Skirmisher (level 2, 1/24 HPs)
             Began as a Demonspawn Fighter on Sept 30, 2022.
             Quit the game on level 2 of the Dungeon.
             The game lasted 00:02:11 (418 turns).

theswoord the Skirmisher (Demonspawn Fighter)        Turns: 418, Time: 00:02:12

Health: 1/24       AC:  6    Str: 16    XL:     2   Next: 58%
Magic:  2/2        EV:  9    Int:  9    God:
Gold:   20         SH:  0    Dex: 12    Spells: 1/1 levels left

rFire   . . .      SeeInvis .   a - +0 long sword
rCold   . . .      Faith    .   (no shield)
rNeg    . . .      Spirit   .   b - +0 scale mail
rPois   .          Reflect  .   (no helmet)
rElec   .          Harm     .   (no cloak)
rCorr   .          Rampage  .   (no gloves)
Will    .....                   (no boots)
Stlth   ..........              (no amulet)
HPRegen 0.08/turn               (no ring)
MPRegen 0.08/turn               (no ring)

@: lethally poisoned (1 -> -2)
A: weakness stinger 1
a: no special abilities


You were on level 2 of the Dungeon.
You visited 1 branch of the dungeon, and saw 2 of its levels.

You collected 20 gold pieces.

Inventory:

Hand Weapons
 a - a +0 long sword (weapon)
Armour
 b - a +0 scale mail (worn)
 c - a +0 buckler
Scrolls
 e - a scroll of vulnerability {unknown}
 f - a scroll of noise {unknown}
Potions
 d - a potion of might


   Skills:
 - Level 3.0 Fighting
 + Level 2.9 Long Blades
 - Level 2.6 Armour
 - Level 2.6 Shields


You had one spell level left.
You didn't know any spells.
Your spell library was empty.

Dungeon Overview and Level Annotations

Branches:
Dungeon (1/15)

Altars:


Innate Abilities, Weirdness & Mutations

You have a small tail.


Message History

The kobold throws a stone.
The stone hits you but does no damage.
A kobold is nearby!
A kobold is nearby!
A kobold is nearby!
The kobold throws a stone.
The stone hits you.
A rat comes into view.
The kobold throws a stone.
The stone hits you but does no damage.
A hobgoblin comes into view.
The kobold throws a stone.
The stone hits you.
An endoplasm comes into view.
A goblin comes into view. It is wielding a +0 dagger.
The goblin shouts!
You hear a shout!
The kobold hits you with a +1 dagger of venom.
You are poisoned.
You hit the kobold.
You kill the kobold!
You feel very sick.
A dart slug comes into view.
The rat barely misses you.
You slash the rat!
You kill the rat!
You feel sick.
You hit the endoplasm but do no damage.
You feel sick. The endoplasm freezes you.
You are frozen.
* * * LOW HITPOINT WARNING * * *
The dart slug briefly extends its eye-stalks.
The hobgoblin shouts!
You slash the goblin!
You kill the goblin!
You feel sick. The endoplasm hits you.
* * * LOW HITPOINT WARNING * * *
The endoplasm freezes you.
You are frozen.
* * * LOW HITPOINT WARNING * * *
Okay, then.
Okay, then.
Are you sure you want to abandon this character and quit the game? (Confirm with "yes".)
Okay, then.
Are you sure you want to abandon this character and quit the game? (Confirm with "yes".)

###...###### #..†.
#.......# #.##.
#..#.#..# #######.##.
#..#.#..# ........#..
#..#.#..##........##.
#..#...........>..##.
#.......#............
#......##........###.
###.@....g.......
#)J##.#........ #.w#
.# .#..... #... ..
...... #.## .#. .. .g
.. ...


You could see a dart slug, an endoplasm and a hobgoblin.

Vanquished Creatures
  A dart slug (D:1)
  2 endoplasms
  A goblin (D:2)
  3 hobgoblins (D:1)
  3 jackals (D:2)
  2 ball pythons (D:1)
  A bat (D:1)
  2 kobolds
  A rat (D:2)
16 creatures vanquished.

Notes
Turn   | Place    | Note
-------+----------+-------------------------------------------
     0 | D:1      | theswoord the Demonspawn Fighter began the quest for the
                  | Orb.
     0 | D:1      | Reached XP level 1. HP: 18/18 MP: 1/1
   143 | D:1      | Gained mutation: You have a small tail. [demonic ancestry]
   143 | D:1      | Reached XP level 2. HP: 19/24 MP: 2/2
   255 | D:1      | You fall into a shaft and drop 1 floor!
   417 | D:2      | HP: 1/24 [frozen (5)]
   418 | D:2      | Quit the game

Skill      XL: |  1 |
---------------+----+-----
Long Blades    | 2 |  2.9
Fighting       | |  3.0
Armour         | |  2.6
Shields        | |  2.6

Action                   || total
-------------------------++-------
Melee: Long sword        ||    32
       Tailslap          ||     2
Armor: Scale mail        ||    15
Dodge: Dodged            ||    16

Levels and vault maps discovered:
D:1:      evilmike_arrival_grusome_pit, layout_rooms, serial_aquarium,
          aquarium_bridge_straight [aquarium_subvault_bridge,
          aquarium_subvault_wall, aquarium_subvault_bridge,
          aquarium_subvault_window], aquarium_bridge_square
          [aquarium_subvault_bridge, aquarium_subvault_bridge,
          aquarium_subvault_bridge, aquarium_subvault_bridge],
          aquarium_window_corner, aquarium_window_fake,
          aquarium_window_corridor_1, aquarium_window_1, aquarium_view_2b,
          st_stairs_3, fountainhead
D:2:      layout_loops_cross
